 Dungeon Crawl Stone Soup version 0.27.1-16-g815e20cd7a (webtiles) character file.

Game seed: 16039425027407124854

788 Eitelfritz the Spear-Bearer (level 7, 0/55 HPs)
             Began as a Merfolk Gladiator on Nov 22, 2021.
             Slain by Pikel (5 damage)
             ... on level 5 of the Dungeon.
             The game lasted 00:11:51 (4605 turns).

Eitelfritz the Spear-Bearer (Merfolk Gladiator)     Turns: 4605, Time: 00:11:51

Health: 0/55       AC: 13    Str: 14    XL:     7   Next: 87%
Magic:  11/11      EV: 13    Int:  9    God:
Gold:   87         SH:  0    Dex: 16    Spells: 11/12 levels left

rFire    . . .     SeeInvis .   a - +3 halberd (protect)
rCold    . . .     Faith    .   (shield currently unavailable)
rNeg     . . .     Spirit   .   e - +0 ring mail
rPois    .         Reflect  .   c - +0 helmet
rElec    .         Harm     .   (no cloak)
rCorr    .         Rampage  .   (no gloves)
Will     .....                  (no boots)
Stlth    ++........             (no amulet)
HPRegen  0.18/turn              (no ring)
MPRegen  0.12/turn              (no ring)

@: under a protective aura
A: (nimble swimmer 2), mertail
a: no special abilities


You were on level 5 of the Dungeon.
You visited 1 branch of the dungeon, and saw 5 of its levels.

You collected 213 gold pieces.
You spent 126 gold pieces at shops.

Inventory:

Hand Weapons
 a - a +3 halberd of protection (weapon)
 k - a +0 hand crossbow
 r - a +0 trident
Missiles
 d - 3 throwing nets
 i - 38 poisoned darts (quivered)
 p - 2 boomerangs
Armour
 c - a +0 helmet (worn)
 e - a +0 ring mail (worn)
Scrolls
 g - 2 scrolls of teleportation
 l - 3 scrolls of identify
 s - a scroll of magic mapping {unknown}
Potions
 b - a potion of heal wounds {unknown}
 f - a potion of experience
 h - 2 potions of haste
 j - a potion of flight
 m - a potion of cancellation {unknown}
 n - 2 potions of ambrosia
 o - a potion of curing {unknown}
 q - a potion of attraction {unknown}


   Skills:
 + Level 4.7 Fighting
 + Level 10.1 Polearms
 + Level 4.0 Throwing
 + Level 3.0 Armour
 + Level 6.7 Dodging
 + Level 4.6 Stealth
 + Level 3.0 Spellcasting
 + Level 2.8 Hexes
 + Level 2.8 Summonings
 + Level 3.7 Poison Magic
 + Level 3.1 Invocations
 + Level 2.8 Evocations


You had 11 spell levels left.
You knew the following spells:

 Your Spells              Type           Power      Damage    Failure   Level
a - Sting                 Tmut/Pois      16%        1d3       28%         1

Your spell library contained the following spells:

 Spells                   Type           Power      Damage    Failure   Level
 Summon Guardian Golem    Hex/Summ       6%         N/A       50%         3
 Orb of Destruction       Conj           0%         N/A       100%        7
 Spellforged Servitor     Conj/Summ      1%         N/A       100%        7


Dungeon Overview and Level Annotations

Branches:
Dungeon (5/15)
 Temple: D:4-7

Altars:

Shops:
D:1 [   D:2 (

Annotations:
D:5 Pikel


Innate Abilities, Weirdness & Mutations

((You are quick and stealthy near water. (Stealth+, EV+, Speed+++)))
Your lower body shifts to a powerful aquatic tail in water.


Message History

Pikel is heavily wounded.
The lemure hits you. Pikel closely misses you.
You barely miss Pikel.
Pikel is heavily wounded.
The lemure closely misses you. Pikel barely misses you.
You barely miss Pikel.
Pikel is heavily wounded.
The lemure hits you but does no damage. Pikel barely misses you.
You hit Pikel but do no damage.
Pikel is heavily wounded.
The lemure hits you.
* * * LOW HITPOINT WARNING * * *
Pikel hits you with a +1 whip of flaming.
* * * LOW HITPOINT WARNING * * *
Pikel burns you.
* * * LOW HITPOINT WARNING * * *
You puncture Pikel!
Pikel is almost dead.
The lemure hits you.
* * * LOW HITPOINT WARNING * * *
Pikel barely misses you.
Okay, then.
Unknown command.
You barely miss Pikel.
Pikel is almost dead.
The lemure misses you. Pikel hits you but does no damage.
You hit Pikel.
Pikel is almost dead.
The lemure hits you but does no damage. Pikel closely misses you.
You closely miss Pikel.
Pikel is almost dead.
The lemure closely misses you. Pikel misses you.
You completely miss Pikel.
Pikel is almost dead.
The lemure misses you. Pikel hits you but does no damage.
You hit Pikel but do no damage.
Pikel is almost dead.
The lemure closely misses you.
Pikel hits you with a +1 whip of flaming.
You die...

#. # #. $# .. #.
.#### #.. #.
##.#... #...##.
###....## ....Z..
#...#....
......K###.#....#.#
........K5..#K# ...
#....#.###..#@# #.#
#.. #>###..#5# #.#
. #.....^.5# #.#
#####..### #.#
#..#####.#
#........#
#.######.# #.# #.##
#.# #..#


You could see Pikel and 2 lemures.

Vanquished Creatures
  An ice beast (D:4)
  An ogre (D:4)
  A phantom (D:5)
  2 lemures (D:5)
  A scorpion (D:4)
  A bullfrog skeleton (D:5)
  An orc priest (D:5)
  Terence (D:3)
  An iguana (D:4)
  3 orc wizards (D:5)
  A howler monkey zombie (D:5)
  3 adders
  2 ufetubi (D:4)
  An adder skeleton (D:4)
  A worm (D:2)
  3 dart slugs
  15 orcs
  3 ball pythons (D:1)
  8 endoplasms
  7 giant cockroaches
  7 goblins
  8 hobgoblins
  7 jackals
  3 kobolds (D:2)
  3 quokkas
  6 bats
  8 rats
99 creatures vanquished.

Vanquished Creatures (others)
  A fungus (D:1)
  3 plants (D:1)
4 creatures vanquished.

Grand Total: 103 creatures vanquished

Notes
Turn   | Place    | Note
-------+----------+-------------------------------------------
     0 | D:1      | Eitelfritz the Merfolk Gladiator began the quest for the
                  | Orb.
     0 | D:1      | Reached XP level 1. HP: 16/16 MP: 1/1
    78 | D:1      | Found Vifa's Antique Armour Shoppe.
   241 | D:1      | Reached XP level 2. HP: 22/22 MP: 2/2
   622 | D:1      | Reached XP level 3. HP: 22/27 MP: 3/3
   761 | D:1      | Reached skill level 5 in Polearms
  1050 | D:1      | Found a faded altar of an unknown god.
  1055 | D:1      | Got Plato's Compendium of Envenoming
  1104 | D:2      | Found Cayff's Antique Weapon Shop.
  1460 | D:2      | Reached XP level 4. HP: 34/34 MP: 4/4
  2127 | D:2      | Reached skill level 1 in Armour
  2363 | D:3      | Noticed Terence
  2386 | D:3      | Reached skill level 5 in Dodging
  2643 | D:3      | Killed Terence
  2644 | D:3      | Reached XP level 5. HP: 8/40 MP: 5/5
  2978 | D:3      | Reached skill level 6 in Polearms
  3121 | D:3      | Reached skill level 9 in Polearms
  3121 | D:3      | Reached XP level 6. HP: 49/49 MP: 5/10
  3483 | D:4      | Learned a level 1 spell: Sting
  3604 | D:4      | Reached XP level 7. HP: 55/55 MP: 11/11
  3715 | D:2      | Bought a runed halberd for 126 gold pieces
  3774 | D:5      | Entered Level 5 of the Dungeon
  4357 | D:5      | Reached skill level 10 in Polearms
  4524 | D:5      | Noticed Pikel
  4605 | D:5      | Slain by Pikel

Illustrated notes

Levels and vault maps discovered:
D:1:      dpeg_arrival_round_c, layout_loops_ring,
          shapermc_ecumenical_altar_rom_forum, serial_shops, shop,
          minmay_liquid_box
D:2:      layout_loops_ring, serial_shops, nicolae_shop_crystal
D:3:      layout_rooms, uniq_terence
D:4:      layout_basic
D:5:      layout_loops_ring, nicolae_underground_beach, uniq_pikel

Skill      XL: |  1  2  3  4  5  6  7 |
---------------+----------------------+-----
Polearms       | 5 9 10 | 10.1
Armour         | 1 2 3 |  3.0
Dodging        | 5 6 |  6.7
Fighting       | 4 |  4.7
Throwing       | 3 4 |  4.0
Stealth        | 4 |  4.6
Spellcasting   | 3 |  3.0
Hexes          | 2 |  2.8
Summonings     | 2 |  2.8
Poison Magic   | 3 |  3.7
Invocations    | 3 |  3.1
Evocations     | 2 |  2.8

Action                   |  1- 3 |  4- 6 |  7- 9 || total
-------------------------+-------+-------+-------++-------
Melee: Trident           |   136 |   137 |     8 ||   281
       Halberd           |       |       |    95 ||    95
Throw: Dart              |       |    16 |       ||    16
  Use: Scroll            |       |     7 |       ||     7
       Potion            |       |     1 |       ||     1
 Stab: Sleeping          |     1 |     1 |     4 ||     6
Armor: Leather armour    |    22 |       |       ||    22
       Ring mail         |    19 |    43 |    45 ||   107
Dodge: Dodged            |    89 |    74 |    51 ||   214
